 Dungeon Crawl Stone Soup version 0.15.2 (webtiles) character file.

352947 magipi the Demonologist (level 21, -5/122 HPs)
             Began as a Deep Elf Summoner on Mar 4, 2015.
             Was the Champion of Sif Muna.
             Slain by a quicksilver dragon simulacrum (23 damage)
             ... summoned by a vampire mage
             ... on Level 3 of the Crypt on Apr 14, 2015.
             The game lasted 12:19:25 (85191 turns).

magipi the Demonologist (Deep Elf Summoner)        Turns: 85191, Time: 12:19:26

HP  -5/122       AC 25     Str  8      XL: 21   Next: 32%
MP  23/41        EV 25     Int 27      God: Sif Muna [******]
Gold 5865        SH  0     Dex 22      Spells: 13 memorised,  1 level left

rFire  + . .     SeeInvis +     a - +1 demon whip (flame)
rCold  . . .     Clarity  .     D - +3 leather armour {rF+}
rNeg   . . .     rCorr    .     (no shield)
rPois  .         rRot     .     X - +2 hat {MR+}
rElec  .         Spirit   .     l - +2 cloak {+Inv}
SustAb .         Warding  .     Z - +0 pair of gloves of Waynip {Str+2 Dex+4}
rMut   +         Stasis   .     m - +2 pair of boots
Gourm  .                        j - amulet of resist mutation
MR     +++..                    v - ring of Robustness {AC+8}
                                i - ring of see invisible

@: regenerating, studying Invocations, repel missiles, extremely resistant to
hostile enchantments, fairly stealthy
A: talons 1, spit poison 1
a: Spit Poison, Channel Energy, Forget Spell, Renounce Religion, Evoke
Invisibility
}: 2/15 runes: barnacled, gossamer


You were on level 3 of the Crypt.
You worshipped Sif Muna.
Sif Muna was exalted by your worship.
You were not hungry.

You visited 10 branches of the dungeon, and saw 52 of its levels.
You also visited: Labyrinth.

You collected 7910 gold pieces.
You spent 2045 gold pieces at shops.

Inventory:

Hand weapons
 a - a +1 demon whip of flaming (weapon)
 b - a +7 quarterstaff of pain
Armour
 l - a +2 cloak of darkness (worn)
 m - a +2 pair of boots (worn)
 D - a +3 leather armour of fire resistance (worn)
 X - a +2 hat of magic resistance (worn)
 Z - the +0 pair of gloves of Waynip (worn) {Str+2 Dex+4}
   (You found it in a labyrinth)

   It affects your strength (+2).
   It affects your dexterity (+4).
Magical devices
 k - a wand of paralysis (12)
 u - a wand of teleportation (3)
 w - a wand of draining (2)
 B - a wand of disintegration (18)
 C - a wand of polymorph (3)
 F - a wand of heal wounds (6)
 N - a wand of lightning (4)
 P - a wand of digging (15)
Comestibles
 f - 11 meat rations
 V - 12 bread rations
Scrolls
 g - 7 scrolls of recharging
 h - 20 scrolls of remove curse
 o - 5 scrolls of fog
 y - 4 scrolls of fear
 L - 11 scrolls of teleportation
 S - 10 scrolls of magic mapping
 T - 8 scrolls of identify
 W - 4 scrolls of blinking
Jewellery
 c - an uncursed ring of protection from cold
 d - an uncursed ring of positive energy
 i - a ring of see invisible (left hand)
 j - an amulet of resist mutation (around neck)
 p - the ring of Jupoxt {rPois MR+ Str+1}
   (You took it off a merfolk on level 5 of the Shoals)

   [ring of poison resistance]

   It affects your strength (+1).
   It protects you from poison.
   It affects your resistance to hostile enchantments.
 t - an uncursed ring of teleportation
 v - the ring of Robustness (right hand) {AC+8}
   (You took it off a minotaur in a labyrinth)

   [ring of protection]

   It affects your AC (+8).
 G - an uncursed ring of teleport control
 K - the ring "Icso" {rC+ Str+1 Dex-2 Int+3}
   (You found it on level 8 of the Lair of Beasts)

   [ring of protection from cold]

   It affects your strength (+1).
   It affects your intelligence (+3).
   It affects your dexterity (-2).
   It protects you from cold.
Potions
 e - 5 potions of magic
 n - 6 potions of haste
 s - a potion of berserk rage
 x - 7 potions of curing
 z - 3 potions of restore abilities
 A - 2 potions of brilliance
 E - 3 potions of cancellation
 H - 4 potions of might
 J - a potion of invisibility
 M - 3 potions of agility
 O - 3 potions of resistance
 Q - 7 potions of heal wounds
Books
 r - a book of Summonings

   Spells                             Type                      Level
   Abjuration                         Summoning                    3
   *Recall                            Summoning/Translocation      3
   Shadow Creatures                   Summoning                    5
   Summon Demon                       Summoning                    5
   Summon Forest                      Summoning/Translocation      5
   *Monstrous Menagerie               Summoning                    6
 I - a manual of Invocations
 Y - a book of Spatial Translocations

   Spells                             Type                      Level
   *Apportation                       Translocation                1
   *Blink                             Translocation                2
   Shroud of Golubria                 Charms/Translocation         2
   Portal Projectile                  Translocation                3
   Teleport Other                     Translocation                3
   Passage of Golubria                Translocation                4


   Skills:
 - Level 10.0 Fighting
 + Level 9.7(11.4) Maces & Flails
 - Level 12.5(14.4) Staves
 - Level 9.6 Armour
 - Level 14.1 Dodging
 - Level 5.0 Stealth
 - Level 13.0 Spellcasting
 - Level 2.5 Hexes
 - Level 11.6 Charms
 - Level 22.1 Summonings
 - Level 11.1 Necromancy
 - Level 4.0 Translocations
   Level 4.0 Ice Magic
 - Level 4.0 Air Magic
 + Level 12.4 Invocations


You had one spell level left.
You knew the following spells:

 Your Spells              Type           Power        Failure   Level  Hunger
a - Apportation           Tloc           #####.....   1%          1    None
b - Animate Skeleton      Necr           N/A          1%          1    None
c - Dragon's Call         Summ           #######...   30%         9    #######
d - Summon Lightning Spi  Summ/Air       ######..     1%          4    None
e - Monstrous Menagerie   Summ           #######...   1%          6    ####...
f - Flight                Chrm/Air       ######....   1%          3    None
g - Summon Guardian Gole  Hex/Summ       ######..     1%          4    None
h - Haste                 Chrm           ######..     6%          6    ####...
j - Summon Butterflies    Summ           #######.     0%          1    None
l - Recall                Summ/Tloc      N/A          1%          3    None
m - Repel Missiles        Chrm/Air       ######       1%          2    None
r - Regeneration          Chrm/Necr      ######....   1%          3    None
B - Blink                 Tloc           N/A          1%          2    None


Dungeon Overview and Level Annotations

Branches:
Dungeon (15/15)            Temple (1/1) D:4             Orc (4/4) D:10
    Elf (3/3) Orc:3          Lair (8/8) D:10         Shoals (5/5) Lair:3
 Spider (5/5) Lair:3        Slime (0/6) Lair:6       Vaults (4/5) D:14
  Crypt (3/3) Vaults:2       Tomb (0/3) Crypt:3      Depths (4/5) D:15

Altars:
Ashenzari
Cheibriados
Dithmenos
Elyvilon
Fedhas
Kikubaaqudgha
Makhleb
Nemelex Xobeh
Okawaru
Qazlal
Sif Muna
Trog
Vehumet
Xom
Yredelemnul
Zin
The Shining One
Beogh
Jiyva
Lugonu

Shops:
D:5 (   Orc:1 :   Orc:4 (?:*   Elf:1 [   Shoals:3 :   Shoals:4 [

Portals:
Hell: Depths:1 Depths:2 Depths:3 Depths:4
Abyss: Depths:1 Depths:4
Pandemonium: Depths:1 Depths:3 Depths:4
Ziggurat: Depths:1

Annotations:
Shoals:5 Ilsuiw
Vaults:2 Mara
Crypt:2 exclusion: zombie, Boris


Innate Abilities, Weirdness & Mutations

You have sharp toenails.
You can spit poison.

Vault maps used:
D:1:      tarquinn_simple_flora_water_b, serial_bayou_pond_c
D:2:      overflow_temple_1_default, uniq_iyjb
D:3:      fedhas_altar_4
D:4:      first_bread, lemuel_another_geyser, uniq_sigmund
D:5:      kennysheep_big_flooded_room, serial_shops, nicolae_shop_trees
D:6:      kennysheep_mini_moat
D:7:      lemuel_crystal_altar, uniq_eustachio
D:8:      special_room, enter_bailey_2, the_bakery, uniq_pikel, uniq_maurice
D:10:     david_orc_4, minmay_lair_entry_lava, lemuel_flamethrower_hall
D:11:     minmay_misc_feat_iff, uniq_psyche, uniq_grum
D:14:     erik_vaults_1, serial_park_tiny_2, spider_trap
D:15:     gammafunk_enter_depths_forms, glass_columns_a
Temple:   water_room_temple_a_12
Orc:1:    portal_ice_cave_entry_imps, serial_shops, shop
Orc:3:    basic_altar, nicolae_orc_pool_cavern, uniq_snorg
Orc:4:    st_orc_town, bloody_trog, uniq_joseph
Elf:1:    minmay_elf_arrival_summoners, serial_shops, shop
Elf:2:    basic_altar, minmay_elf_necromancy
Elf:3:    grunt_elf_hall_diamonds, uniq_fannar, uniq_rupert, uniq_nikola
Lair:1:   special_room, grunt_megastairs_1
Lair:2:   st_stairs_13
Lair:3:   minmay_shoals_entry_centaurs, dummy_spider_entry, lab_entry_generic,
          pond
Lair:5:   beast_lair_carwin_large_4, grunt_megastairs_2, uniq_nergalle
Lair:6:   slime_altar_1, serial_bayou_shore_a, lemuel_fruit_fields,
          grunt_megastairs_3
Lair:8:   due_jungle_book
Shoals:1: uniq_josephine
Shoals:3: serial_shops, shop, uniq_louise, uniq_donald
Shoals:4: serial_shops, shop_fountains, st_cyclops
Shoals:5: shoals_end_hangedman, shoal_ilsuiw
Spider:1: special_room
Spider:2: nicolae_spider_cling_halls
Spider:3: uniq_arachne, uniq_norris
Spider:4: spiders_nest_wasp_nest, uniq_asterion, uniq_aizul
Spider:5: grunt_spider_rune_circles, nicolae_crawler_farm, uniq_frances,
          uniq_wiglaf
Vaults:1: grunt_vaults_hallway_long, v_misc_27, grunt_vaults_swirl,
          vaults_standard_mumra_lines, nicolae_vaults_yaktaur_gun_rack,
          v_alt_pattern_2, nicolae_vaults_diagonal_hallway_7, v_misc_9,
          vaults_room_fancy_cross, nicolae_vaults_little_squares_6
Vaults:2: grunt_vaults_hallway_long, hangedman_vaults_unwind,
          vaults_room_corners, vaults_standard_mumra_x,
          nicolae_vaults_ring_of_whatevers, minmay_crypt_entry_simple_sparse,
          hangedman_vaults_maws, nicolae_vaults_mini_display_case,
          vaults_dpeg_hooks, nicolae_vaults_gold_heap,
          nicolae_vaults_little_squares_3, infiniplex_enter_wizlab_glasses,
          uniq_saint_roka, uniq_mara, uniq_xtahua
Vaults:3: nicolae_vaults_puzzle_piece, hangedman_vaults_stagger,
          hangedman_vaults_snaps, nicolae_vaults_diagonal_hallway_7, v_misc_16,
          hangedman_vaults_cutoff, ontoclasm_vaults_tryst,
          vaults_room_door_hall, vaults_dpeg_encased_lava,
          vaults_room_grunt_arrival_checkpoint
Vaults:4: nicolae_vaults_puzzle_piece, vaults_dpeg_spiral,
          nicolae_vaults_disjoint_gnomons, v_alt_pattern_4, v_pattern_3,
          nicolae_vaults_twisting_passages, kb_rosetta,
          ontoclasm_vaults_decontamination, hangedman_vaults_stitches,
          vaults_mumra_hexcomb, v_misc_23, basic_altar
Crypt:1:  grunt_ministairs_15, eino_tiny_chamber
Crypt:2:  uniq_boris
Crypt:3:  evilmike_haunted_forest
Depths:1: enter_ziggurat_e, rand_demon_pan_entry_5, abyss_entry_flame_altar,
          hangedman_abyss_or_decor_clamps, hell_entry, hangedman_jelly_panic,
          uniq_sojobo
Depths:2: hourglass_vault, hell_entry, minmay_staircase_windowed_small
Depths:3: grunt_runaround, pan_entry, serial_shops, hell_entry
Depths:4: hangedman_cross_cluster, serial_bayou_shore_b,
          abyss_entry_small_statue_room, pf_coc_iceberg, pan_entry,
          minivault_11, infiniplex_staircase_zigzag_3, uniq_frederick,
          uniq_margery
Lab:      labyrinth_mini_lab, nicolae_lab_starburst, nicolae_lab_big_swirl,
          nicolae_lab_grate_2, nicolae_lab_plus, nicolae_lab_flowing_pool


Message History

The ghost crab is smitten.
The ghost crab dies!
You swap places.
You swap places.
There is an open door here.
Your manticore disappears in a puff of smoke!
Your sphinx disappears in a puff of smoke!
There is an open gate here.
Your sphinx hits the jiangshi!!
Your sphinx completely misses the jiangshi.
Your sphinx hits the jiangshi. The jiangshi completely misses you.
The jiangshi barely misses you.
Your sphinx barely misses the jiangshi.
Your sphinx hits the jiangshi. Your sphinx hits the jiangshi!
The jiangshi claws your sphinx! x2
Your sphinx hits the jiangshi but does no damage.
Your sphinx hits the jiangshi!
Your sphinx hits the jiangshi but does no damage.
The jiangshi claws your sphinx! The jiangshi claws your sphinx!!
The quicksilver dragon simulacrum bites your sphinx!
The quicksilver dragon simulacrum freezes your sphinx!!!
Your sphinx dies!
Your sphinx's corpse disappears in a puff of smoke!
You catch the helpless jiangshi momentarily off-guard.
You hit the jiangshi. You burn the jiangshi.
The jiangshi is severely damaged.
The jiangshi claws you!
The jiangshi draws strength from your injuries!
The jiangshi claws you but does no damage.
You barely miss the jiangshi.
The jiangshi is heavily damaged.
The jiangshi claws you but does no damage.
The jiangshi closely misses you.
Unknown command.
Casting: Monstrous Menagerie
Confirm with . or Enter, or press ? or * to list all spells.
You summon a lindwurm!
Unknown command.
The quicksilver dragon simulacrum bites you.
The quicksilver dragon simulacrum freezes you!!!
The quicksilver dragon simulacrum misses you.
Unknown command.
Casting: Monstrous Menagerie
Confirm with . or Enter, or press ? or * to list all spells.
You summon some harpies!
The jiangshi closely misses you. The jiangshi claws you.
The jiangshi draws strength from your injuries!
The quicksilver dragon simulacrum completely misses you.
The quicksilver dragon simulacrum claws you but does no damage.
Your lindwurm bites the jiangshi.
Your lindwurm claws the jiangshi but does no damage.
Your lindwurm claws the jiangshi.
Your harpy claws the jiangshi.
Your harpy claws the jiangshi.
Unknown command.
Casting: Monstrous Menagerie
Confirm with . or Enter, or press ? or * to list all spells.
Your skin crawls.
Your harpy barely misses the jiangshi.
Your harpy claws the jiangshi.
Your harpy claws the jiangshi!
Your harpy claws the jiangshi.
The jiangshi claws your harpy!! The jiangshi claws your harpy.
The quicksilver dragon simulacrum bites you.
The quicksilver dragon simulacrum freezes you!!
* * * LOW HITPOINT WARNING * * *
The quicksilver dragon simulacrum completely misses you.
Your harpy claws the jiangshi!
Your harpy claws the jiangshi.
The jiangshi is destroyed!
The mummy hits your harpy.
Unknown command.
Unknown command.
Your harpy barely misses the mummy.
Your harpy claws the mummy!
Your harpy claws the mummy. x2
The mummy is destroyed!
The quicksilver dragon simulacrum completely misses you.
The quicksilver dragon simulacrum claws you but does no damage.
Your harpy claws the shock serpent zombie!
Your harpy claws the shock serpent zombie.
The quicksilver dragon simulacrum completely misses you.
The quicksilver dragon simulacrum claws you but does no damage.
Your harpy claws the shock serpent zombie!
Your harpy claws the shock serpent zombie.
Your lindwurm bites the shock serpent zombie!
Your lindwurm completely misses the shock serpent zombie.
Your lindwurm misses the shock serpent zombie.
Your harpy claws the shock serpent zombie!
Your harpy claws the shock serpent zombie.
Your harpy barely misses the shock serpent zombie.
Your harpy claws the shock serpent zombie!
The quicksilver dragon simulacrum completely misses you.
The quicksilver dragon simulacrum claws you but does no damage.
The shock serpent zombie closely misses your harpy.
Your lindwurm closely misses the shock serpent zombie.
Your lindwurm misses the shock serpent zombie.
Your lindwurm claws the shock serpent zombie.
Your harpy claws the shock serpent zombie.
Your harpy claws the shock serpent zombie!
Your harpy completely misses the shock serpent zombie. x2
The quicksilver dragon simulacrum barely misses you.
The quicksilver dragon simulacrum claws you!
* * * LOW HITPOINT WARNING * * *
The quicksilver dragon simulacrum freezes you!!
You die...

....♣♣♣*,*########'''#########...
......♣♣<*##..###⌠...⌠###..###...
.......♣♣*#.....[........Z..'....
.8......♣♣#######.....#######....
......8.♣♣.♣....##'''##..........
........♣.....................P..
....8............................
8................Z....kP.........
.....8..♣.......@....ZH..........
........♣♣............H..........
..8....♣♣♣...#.#P..P.............
....♣♣♣♣♣.♣..#....#..............
...♣♣♣............#..............
♣♣♣♣♣.♣.♣........................
♣♣........♣....#.##..............
♣.♣..♣.P.....♣...................
.........♣.....P................♣


You could see a quicksilver dragon simulacrum, a shock serpent zombie, a
friendly lindwurm and 2 friendly harpies.

Table legend:
 A = Kills in this place as a percentage of kills in entire the game.
 B = Kills by you in this place as a percentage of kills by you in the entire game.
 C = Kills by friends in this place as a percentage of kills by friends in the entire game.
 D = Other kills in this place as a percentage of other kills in the entire game.
 E = Experience gained in this place as a percentage of experience gained in the entire game.
 F = Experience gained in this place divided by the number of levels of this place that you have seen.
                   A       B       C       D       E      F
               +-------+-------+-------+-------+-------+----------------------
         Total | 100.0 | 100.0 | 100.0 | 100.0 | 100.0 | 11033.5
       Dungeon |  21.1 |  24.8 |  20.2 |   7.1 |   5.6 | 2195.7
  Orcish Mines |  10.1 |   9.2 |  10.4 |   0.0 |   1.4 | 2064.5
   Elven Halls |   4.2 |   7.7 |   3.3 |   0.0 |   7.5 | 14660.3
          Lair |  13.6 |  13.6 |  13.6 |   7.1 |   7.3 | 5347.5
        Shoals |   7.2 |   5.4 |   7.8 |   0.0 |   9.2 | 10793.8
   Spider Nest |   9.2 |  10.9 |   8.7 |  21.4 |   9.9 | 11606.0
        Vaults |  14.4 |  13.6 |  14.6 |  14.3 |  19.3 | 28198.8
         Crypt |   7.4 |   6.5 |   7.6 |   7.1 |   9.9 | 19246.0
        Depths |  12.7 |   8.1 |  13.7 |  42.9 |  29.7 | 43373.5
     Labyrinth |   0.1 |   0.2 |   0.1 |   0.0 |   0.1 | 798.0
               +-------+-------+-------+-------+-------+----------------------

Vanquished Creatures
  A storm dragon (Depths:4)
  2 fire giants
  Wiglaf (Spider:5)
  A vault warden (Vaults:4)
  A ghost moth (Spider:5)
  A very ugly thing (Depths:1)
  2 stone giants
  2 eidola (Crypt:3)
  A deep elf death mage (Crypt:2)
  An ettin (Depths:1)
  A vault guard (Vaults:3)
  A merfolk impaler (Shoals:5)
  2 yaktaur captains
  A great orb of eyes (Depths:4)
  2 fire dragons (Depths:4)
  Fannar (Elf:3)
  2 ice dragons
  A siren (Shoals:3)
  A centaur warrior (D:13)
  A merfolk aquamancer (Shoals:5)
  A deep troll earth mage (Depths:4)
  A death knight (Vaults:2)
  A spriggan berserker (Depths:3)
  4 death yaks (Depths:1)
  A storm dragon zombie (Crypt:3)
  2 deep elf knights
  2 shadow wraiths
  A hell knight (Depths:4)
  A fire crab (shapeshifter) (Depths:4)
  3 skeletal warriors (Crypt:2)
  5 sea snakes
  An anaconda zombie (Crypt:3)
  4 harpies
  5 deep trolls
  4 deep elf summoners
  5 deep elf conjurers
  2 hill giants (Depths:1)
  3 ironbrand convokers
  2 unseen horrors
  3 orc knights
  4 wolf spiders
  5 necromancers
  An orc sorcerer (Elf:2)
  6 ugly things
  2 red wasps
  A wizard (Vaults:3)
  7 cyclopes
  3 griffons
  A phantasmal warrior (Crypt:2)
  A manticore (Shoals:5)
  A cyclops (shapeshifter) (Vaults:4)
  A black mamba (Lair:6)
  A shock serpent zombie (Crypt:2)
  2 mermaids
  A torpor snail (Spider:2)
  A two-headed ogre (Depths:4)
  A vault sentinel (Vaults:4)
  9 yaktaurs
  A yaktaur zombie (Depths:1)
  An emperor scorpion zombie (Crypt:3)
  A silent spectre (Crypt:2)
  8 deep elf priests
  4 demonic crawlers
  A hellwing (Crypt:3)
  A sea snake skeleton (Crypt:2)
  A troll (Vaults:2)
  5 jumping spiders
  3 merfolk
  A snapping turtle (Shoals:1)
  2 freezing wraiths
  2 wind drakes (shapeshifter)
  4 slime creatures
  15 trapdoor spiders
  A raven (shapeshifter) (Vaults:3)
  12 yaks
  3 boulder beetles
  A wyvern (D:13)
  14 redbacks
  3 water elementals
  A flying skull (Crypt:3)
  6 tarantellas
  2 shadows
  2 vampires (Crypt:1)
  4 wraiths
  4 deep elf magi
  4 vampire mosquitoes (Vaults:1)
  15 deep elf fighters
  3 wargs
  A faun zombie (Crypt:2)
  5 wolves
  A deep troll zombie (Crypt:2)
  4 hippogriffs
  A mottled dragon (Vaults:2)
  8 water moccasins
  6 spiders
  4 raven skeletons (Crypt:3)
  2 porcupines
  7 ogres
  A black bear (D:10)
  3 ice beasts
  5 centaurs
  5 orc warriors
  7 boggarts
  A big kobold (D:9)
  7 giant frogs
  An eye of draining (D:8)
  A scorpion (Spider:3)
  A water moccasin skeleton (Crypt:2)
  3 wights
  3 electric eels
  4 hounds
  3 crimson imps
  A killer bee (D:10)
  6 orc priests
  A kobold skeleton (D:13)
  5 orc wizards
  7 worker ants
  2 iguanas
  A killer bee zombie (D:11)
  An orange rat (Elf:1)
  16 sheep
  A dwarf zombie (Crypt:1)
  A hound zombie (D:11)
  10 adders
  13 green rats
  3 shadow imps
  A giant gecko (D:6)
  2 oozes (D:3)
  51 orcs
  7 bats
  A bat zombie (D:6)
  4 giant cockroaches
  7 hobgoblins
  8 quokkas
  A giant newt (D:5)
  14 goblins
  2 green rat skeletons (Lair:7)
  A jackal (D:11)
  15 kobolds
  11 rats
  3 ballistomycetes
  3 crawling corpses (Elf:3)
  2 fungi
  2 plants (Lair:8)
537 creatures vanquished.

Vanquished Creatures (collateral kills)
  Saint Roka (Vaults:2)
  Sojobo (Depths:1)
  Margery (Depths:4)
  Norris (Spider:3)
  3 golden dragons
  Xtahua (Vaults:2)
  Frederick (Depths:4)
  Nikola (Elf:3)
  Arachne (Spider:3)
  3 tentacled monstrosities
  6 liches
  2 deep elf blademasters (Elf:3)
  A quicksilver dragon (Depths:3)
  2 deep elf master archers (Elf:3)
  3 titans
  A kraken (Shoals:5)
  2 storm dragons
  An octopode crusher (Depths:1)
  3 ancient champions
  5 tengu reavers
  Rupert (Elf:3)
  Frances (Spider:5)
  2 shadow dragons (Depths:3)
  6 sphinxes
  6 fire giants
  4 deep elf sorcerers
  A frost giant (shapeshifter) (Depths:4)
  8 frost giants
  An iron dragon (Depths:3)
  Aizul (Spider:4)
  Louise (Shoals:3)
  6 emperor scorpions
  6 vault wardens
  A balrug (Elf:3)
  2 ghouls (Crypt:3)
  A spriggan defender (Depths:3)
  A reaper (Crypt:3)
  8 very ugly things
  21 stone giants
  5 deep elf demonologists
  12 dire elephants
  5 deep elf annihilators
  A black draconian (shapeshifter) (Vaults:2)
  Snorg (Orc:3)
  5 merfolk javelineers
  6 ettins
  The ghost of Alarkh the Bludgeoner, a powerful OgWz of Okawaru (Lair:3)
  6 vault guards
  A crystal guardian (Vaults:4)
  6 eidola
  A mummy priest (Crypt:3)
  2 jiangshi
  The ghost of emiel the Grappler, a powerful TrWz of Cheibriados (Lair:2)
  11 deep elf death magi
  8 great orbs of eyes
  6 deep elf high priests
  Josephine (Shoals:1)
  6 ogre magi
  10 ironheart preservers
  5 merfolk impalers (Shoals:5)
  10 fire dragons
  2 quicksilver dragon zombies (Crypt:3)
  A minotaur (Lab)
  4 hydras
  10 ice dragons
  7 yaktaur captains
  6 rakshasas
  A spriggan air mage (Depths:3)
  The ghost of Alarkh the Bludgeoner, a powerful OgWz of Okawaru (Lair:2)
  2 ghost crabs
  2 alligator snapping turtles (Shoals:4)
  8 centaur warriors
  An alligator (shapeshifter) (Vaults:4)
  3 sirens
  2 dancing weapons (D:14)
  An anaconda (Lair:8)
  2 death knights (Crypt:1)
  9 deep troll earth magi
  9 merfolk aquamancers
  A satyr (Shoals:3)
  The ghost of Alarkh the Bludgeoner, an experienced OgWz of Okawaru (D:9)
  44 death yaks
  5 deep troll shamans
  A large abomination (Elf:3)
  6 orc high priests (Orc:4)
  4 vampire magi
  26 harpies
  A spriggan berserker (Depths:3)
  A storm dragon zombie (Vaults:4)
  10 hell knights
  Nergalle (Lair:5)
  An iron troll (Depths:4)
  4 catoblepae
  7 soul eaters
  A fire crab (Vaults:4)
  A storm dragon skeleton (Crypt:1)
  5 deep elf knights
  19 skeletal warriors
  19 deep trolls
  A sea snake (shapeshifter) (Elf:3)
  An orb spider (shapeshifter) (D:15)
  A golden dragon zombie (Crypt:3)
  2 flayed ghosts (Crypt:1)
  An anaconda zombie (Crypt:3)
  8 sea snakes
  An unseen horror (Vaults:1)
  4 giant orange brains
  20 orb spiders
  4 deep elf summoners
  6 wizards
  Pikel (D:8)
  8 hill giants
  A hellion (Depths:1)
  A shadow dragon zombie (Crypt:3)
  11 ironbrand convokers
  26 wolf spiders
  2 orc sorcerers
  A golden dragon skeleton (Crypt:1)
  A wolf spider zombie (Crypt:3)
  4 deep elf conjurers
  11 orc knights
  A mana viper (shapeshifter) (D:15)
  11 griffons
  38 ugly things
  An iron dragon zombie (Crypt:3)
  2 sphinx zombies (Depths:4)
  20 manticores
  An oklob plant (Lair:5)
  A shadow dragon skeleton (Depths:3)
  A tengu skeleton (Vaults:4)
  16 phantasmal warriors
  2 moths of wrath
  4 water nymphs
  A draconian (shapeshifter) (D:15)
  3 fire giant zombies
  3 human zombies
  15 necromancers
  A sixfirhy (Depths:1)
  3 fauns (shapeshifter)
  11 elephants
  An elephant (shapeshifter) (Depths:1)
  13 cyclopes
  An ugly thing skeleton (Depths:2)
  A faun (Shoals:2)
  Maurice (D:8)
  3 fire giant skeletons
  8 mermaids
  Joseph (Orc:4)
  A dire elephant zombie (Crypt:3)
  4 human skeletons
  A stone giant skeleton (Crypt:3)
  A drowned soul (Shoals:3)
  A gargoyle (D:14)
  6 torpor snails
  A feature mimic (Lair:4)
  An octopode (shapeshifter) (Depths:4)
  10 vault sentinels
  5 black mambas
  A komodo dragon (shapeshifter) (Depths:2)
  8 spiny frogs
  Psyche (D:11)
  A yaktaur zombie (Depths:1)
  A dire elephant skeleton (Crypt:3)
  42 yaktaurs
  3 tengu conjurers (D:14)
  A red draconian zombie (Crypt:1)
  A fire drake (D:10)
  An emperor scorpion zombie (Crypt:1)
  A queen bee (Lair:1)
  17 demonic crawlers
  5 kobold demonologists
  2 komodo dragons
  3 guardian mummies (Crypt:3)
  12 hellwings (Crypt:3)
  2 ghoul skeletons (Crypt:3)
  7 two-headed ogres
  5 freezing wraiths
  6 deep elf priests
  25 merfolk
  2 death yak skeletons
  A snapping turtle (shapeshifter) (Depths:2)
  A hydra zombie (Crypt:1)
  A polar bear (Lair:4)
  25 jumping spiders
  A blue devil (Elf:3)
  A hydra skeleton (Lair:8)
  2 wind drakes
  2 guardian golems
  6 trolls
  12 slime creatures
  5 ravens (D:14)
  2 basilisks
  3 boulder beetles
  17 deep elf magi
  An ettin zombie (Crypt:3)
  A fire dragon zombie (Crypt:1)
  2 ice dragon zombies (Crypt:3)
  9 flying skulls
  A tarantella (shapeshifter) (Vaults:2)
  25 tarantellas
  A black mamba zombie (Crypt:1)
  10 wraiths
  5 blink frogs (Lair:4)
  An ettin skeleton (Depths:1)
  An ice dragon skeleton (Depths:1)
  A dire elephant simulacrum (Crypt:1)
  A fire dragon skeleton (Crypt:1)
  4 shadows
  A chaos spawn (Depths:1)
  A spriggan (D:8)
  A yak (shapeshifter) (D:15)
  54 yaks
  A hill giant zombie (D:14)
  18 trapdoor spiders
  5 air elementals
  30 redbacks
  8 snapping turtles
  11 ice beasts
  A vampire (Depths:1)
  Eustachio (D:7)
  20 water elementals
  4 wyverns
  A hell beast (Depths:4)
  2 hungry ghosts
  Grum (D:11)
  14 wolves
  18 hippogriffs
  A hill giant skeleton (D:9)
  16 deep elf fighters
  10 vampire mosquitoes
  2 soldier ants (D:13)
  2 raven skeletons (Crypt:3)
  11 wargs
  A deep troll skeleton (Crypt:2)
  3 mottled dragons
  8 water moccasins
  2 merfolk skeletons
  An ettin simulacrum (Vaults:3)
  12 spiders
  32 orc warriors
  A slave (D:8)
  8 porcupines
  2 manticore zombies (Shoals:1)
  23 centaurs
  An ogre (shapeshifter) (Vaults:1)
  A black bear (D:12)
  A spiny frog skeleton (Crypt:1)
  A satyr simulacrum (Shoals:1)
  2 boring beetles
  3 sky beasts
  A mermaid zombie (Shoals:1)
  2 necrophages
  13 boggarts
  A yellow wasp (D:13)
  30 ogres
  A griffon simulacrum (Shoals:1)
  2 lost souls (Elf:3)
  A swamp dragon skeleton (Crypt:2)
  11 crocodiles
  Sigmund (D:4)
  A snapping turtle skeleton (Crypt:3)
  2 brain worms
  14 big kobolds
  8 elf zombies
  The ghost of magipi the Caller, an average DESu (D:4)
  23 giant frogs
  2 lightning spires
  4 cyclops skeletons
  3 scorpions
  2 eyes of draining
  A polar bear zombie (Crypt:2)
  2 human simulacra (Vaults:1)
  4 yak skeletons
  42 killer bees
  2 hippogriff skeletons
  12 wights
  2 snapping turtle simulacra (Crypt:1)
  9 crimson imps
  An electric eel (Lair:7)
  4 goliath beetles
  A centaur zombie (D:11)
  8 jellies
  An iron imp (Orc:4)
  A kobold zombie (D:14)
  6 hounds
  A centaur skeleton (D:13)
  2 orange rats (Elf:1)
  A two-headed ogre skeleton (D:10)
  4 iguanas
  43 orc priests
  2 quasits
  24 orc wizards
  9 worker ants
  26 sheep
  Ijyb (D:2)
  A brain worm zombie (D:15)
  A naga skeleton (Crypt:3)
  2 ogre skeletons
  2 hound skeletons
  A worker ant zombie (D:6)
  A mummy (Crypt:3)
  A scorpion zombie (D:6)
  11 adders
  4 gnolls (D:7)
  30 green rats
  6 orc skeletons
  2 shadow imps
  2 giant mites
  12 white imps (Orc:1)
  2 ufetubi
  3 worms (D:2)
  An orc zombie (D:6)
  An iguana skeleton (D:11)
  A sheep skeleton (Lair:6)
  4 giant geckos
  170 orcs
  4 goblins
  13 hobgoblins
  10 jackals
  5 quokkas
  6 bats
  A giant gecko zombie (D:5)
  3 giant newts
  A giant spore (D:11)
  2 green rat skeletons (Lair:8)
  26 kobolds
  A kobold skeleton (D:6)
  2 rats (D:8)
  2 ballistomycetes (D:12)
  12 crawling corpses
  3 fungi
  6 plants
  5 tentacles (Shoals:5)
2085 creatures vanquished.

Vanquished Creatures (others)
  Asterion (Spider:4)
  25 sphinxes
  A quicksilver dragon (Elf:3)
  A shadow dragon (Elf:3)
  2 fire giants
  An emperor scorpion (Spider:5)
  A stone giant (Depths:1)
  A fire dragon (Crypt:3)
  A deep elf high priest (Depths:4)
  A quicksilver dragon skeleton (Depths:3)
  An ice dragon (Elf:3)
  A centaur warrior (Vaults:4)
  A deep troll shaman (Depths:3)
  A death yak (Lair:8)
  167 harpies
  A storm dragon skeleton (Depths:4)
  2 deep trolls
  A very ugly thing skeleton (Depths:1)
  88 manticores
  An ironbrand convoker (Vaults:1)
  91 lindwurms
  3 mana vipers
  A dwarf skeleton (Spider:5)
  A shadow dragon skeleton (Depths:3)
  2 ugly thing skeletons
  An iron dragon skeleton (Depths:3)
  3 sphinx skeletons
  4 frost giant skeletons
  6 stone giant skeletons
  A fire giant skeleton (Depths:3)
  A gargoyle (D:15)
  21 drowned souls
  2 dire elephant skeletons
  A spriggan skeleton (Depths:3)
  25 elf skeletons
  An iron troll skeleton (Depths:4)
  5 sea snake skeletons
  16 death yak skeletons
  A hydra skeleton (D:15)
  6 harpy skeletons
  A catoblepas skeleton (Depths:3)
  3 griffon skeletons
  5 ice dragon skeletons
  A redback (Spider:3)
  A water elemental (Shoals:5)
  4 fire dragon skeletons (Depths:4)
  2 black mamba skeletons
  32 guardian golems
  11 wolves
  3 hill giant skeletons
  4 raven skeletons (D:14)
  A wind drake skeleton (Shoals:2)
  3 wargs
  13 deep troll skeletons
  2 water nymph skeletons (Shoals:3)
  3 merfolk skeletons
  A necrophage (Crypt:3)
  2 spiny frog skeletons
  30 ice beasts
  66 lightning spires
  2 elephant skeletons
  3 snapping turtle skeletons
  5 manticore skeletons
  9 lost souls
  A komodo dragon skeleton (Lair:7)
  A troll skeleton (Orc:3)
  10 yaktaur skeletons
  A wyvern skeleton (D:14)
  3 water moccasin skeletons
  7 cyclops skeletons
  6 warg skeletons
  10 yak skeletons
  4 hippogriff skeletons
  3 tengu skeletons
  2 wolf skeletons (Lair:5)
  11 hounds
  7 centaur skeletons (D:13)
  8 giant frog skeletons
  5 two-headed ogre skeletons
  25 human skeletons
  A kobold skeleton (D:14)
  2 porcupine skeletons
  2 crocodile skeletons (Lair:8)
  2 mottled dragon skeletons
  11 ogre skeletons
  3 adder skeletons
  12 sheep skeletons
  9 bats
  4 giant spores
  9 green rat skeletons
  A hobgoblin skeleton (Orc:4)
  53 orc skeletons
  17 quokkas
  2 quokka skeletons
  11 rats
  9 fungi
  17 plants
  21 tentacles (Shoals:5)
  399 tentacle segments (Shoals:5)
1387 creatures vanquished.

Grand Total: 4009 creatures vanquished

Notes
Turn   | Place    | Note
--------------------------------------------------------------
     0 | D:1      | magipi, the Deep Elf Summoner, began the quest for the Orb.
     0 | D:1      | Reached XP level 1. HP: 10/10 MP: 5/5
   608 | D:1      | Reached XP level 2. HP: 15/15 MP: 8/8
  1082 | D:2      | Reached skill level 5 in Summonings
  1244 | D:2      | Noticed Ijyb
  1326 | D:1      | Reached XP level 3. HP: 19/19 MP: 9/11
  1356 | D:1      | Learned a level 3 spell: Call Canine Familiar
  1739 | D:2      | Killed Ijyb
  2285 | D:2      | Found a radiant altar of Vehumet.
  2500 | D:3      | Found a blossoming altar of Fedhas.
  2815 | D:3      | Reached XP level 4. HP: 24/24 MP: 15/15
  2826 | D:3      | Learned a level 4 spell: Summon Ice Beast
  3225 | D:4      | Noticed magipi's ghost (average DESu)
  3378 | D:4      | Found a staircase to the Ecumenical Temple.
  3385 | Temple   | Entered the Ecumenical Temple
  3465 | Temple   | Became a worshipper of Sif Muna the Loreminder
  3479 | D:4      | Noticed Sigmund
  3662 | D:4      | Reached skill level 1 in Ice Magic
  3696 | D:4      | Noticed an ogre
  3761 | D:5      | Entered Level 5 of the Dungeon
  4129 | D:5      | Reached XP level 5. HP: 28/28 MP: 10/18
  4313 | D:5      | Noticed a sky beast
  4347 | D:5      | Killed a sky beast
  4347 | D:5      | Reached skill level 6 in Summonings
  4549 | D:5      | Learned a level 4 spell: Summon Lightning Spire
  4797 | D:5      | Reached XP level 6. HP: 32/32 MP: 16/20
  5004 | D:4      | Killed Sigmund
  5004 | D:4      | Reached skill level 1 in Air Magic
  5068 | D:4      | Killed an ogre
  5068 | D:4      | Reached skill level 5 in Spellcasting
  5267 | D:4      | Acquired Sif Muna's first power
  5457 | D:5      | Found Mnym Ing's Weapon Shoppe.
  5907 | D:5      | Reached skill level 7 in Summonings
  5952 | D:6      | Reached XP level 7. HP: 36/36 MP: 22/23
  6350 | D:6      | Found a basalt altar of Yredelemnul.
  6546 | D:6      | Acquired Sif Muna's second power
  7111 | D:7      | Reached XP level 8. HP: 26/41 MP: 26/26
  7531 | D:7      | Reached skill level 8 in Summonings
  7619 | D:7      | Noticed Eustachio
  8130 | D:8      | Found a flagged portal.
  8586 | D:8      | Noticed Maurice
  8740 | D:8      | Learned a level 4 spell: Summon Guardian Golem
  8758 | D:9      | Reached skill level 5 in Dodging
  8758 | D:9      | Reached skill level 1 in Hexes
  8865 | D:9      | Learned a level 6 spell: Monstrous Menagerie
  9179 | D:9      | Noticed a troll
  9188 | D:9      | Killed a troll
  9188 | D:9      | Reached XP level 9. HP: 45/45 MP: 25/28
  9247 | D:9      | Noticed Alarkh's ghost (experienced OgWz)
  9260 | D:10     | Entered Level 10 of the Dungeon
  9308 | D:10     | Reached skill level 1 in Fighting
  9525 | D:10     | Noticed a hill giant
  9532 | D:10     | Killed a hill giant
  9532 | D:10     | Reached skill level 9 in Summonings
  9818 | D:10     | Found a staircase to the Lair.
  9818 | D:10     | Noticed a fire drake
 10074 | D:10     | Noticed a white ugly thing
 10122 | D:10     | Killed a white ugly thing
 10122 | D:10     | Acquired Sif Muna's third power
 10122 | D:10     | Reached skill level 10 in Summonings
 10611 | D:10     | Found a staircase to the Orcish Mines.
 10758 | D:11     | Noticed a hill giant
 10767 | D:11     | Killed a hill giant
 10767 | D:11     | Reached skill level 1 in Maces & Flails
 10767 | D:11     | Reached XP level 10. HP: 43/58 MP: 28/29
 10885 | D:11     | Noticed Grum
 10893 | D:11     | Reached skill level 1 in Staves
 10899 | D:11     | Killed Grum
 10935 | D:11     | Noticed a cyclops
 11133 | D:11     | Reached skill level 11 in Summonings
 11709 | D:11     | Noticed Psyche
 11719 | D:11     | Killed Psyche
 11975 | D:11     | Killed a cyclops
 12279 | D:12     | Noticed a white ugly thing
 12409 | D:12     | Killed a white ugly thing
 12836 | D:10     | Got a smoking ring mail
 12853 | D:10     | Identified the +5 ring mail "Jomuaplep" {Str+4 Dex+3 Int-2} (You took it off an orc on level 10 of the Dungeon)
 12884 | D:10     | Killed a fire drake
 13087 | Lair:1   | Entered Level 1 of the Lair of Beasts
 13133 | Lair:1   | Reached skill level 12 in Summonings
 13326 | Lair:1   | Noticed a seven-headed hydra
 13564 | Lair:1   | Killed a seven-headed hydra
 13940 | Lair:1   | Reached XP level 11. HP: 56/62 MP: 23/31
 14535 | Lair:2   | Noticed emiel's ghost (powerful TrWz)
 14564 | Lair:2   | Killed emiel's ghost
 14730 | Lair:2   | Noticed Alarkh's ghost (powerful OgWz)
 14764 | Lair:2   | Killed Alarkh's ghost
 15380 | Lair:3   | Found a labyrinth entrance.
 15394 | Lab      | Entered a labyrinth
 15728 | Lab      | Noticed a minotaur
 15754 | Lab      | Killed a minotaur
 15754 | Lab      | Reached skill level 13 in Summonings
 15806 | Lab      | Identified the Collected Works on Gliding Combat Magic
 15806 | Lab      | Identified the Compendium of Darkness and the Compass
 15807 | Lab      | Got a pair of jewelled gloves
 15813 | Lab      | Identified the +0 pair of gloves of Waynip {Str+2 Dex+4} (You found it in a labyrinth)
 15912 | Lair:3   | Noticed Alarkh's ghost (powerful OgWz)
 15936 | Lair:3   | Killed Alarkh's ghost
 16115 | Lair:3   | Learned a level 1 spell: Apportation
 16118 | Lair:3   | Learned a level 2 spell: Blink
 16167 | Lair:3   | Found a staircase to the Shoals.
 16244 | Lair:3   | Reached skill level 1 in Translocations
 16316 | Lair:3   | Found a hole to the Spider Nest.
 16414 | Lair:3   | Reached skill level 5 in Maces & Flails
 16712 | Lair:3   | Identified a +7 rod of destruction (12/12) (You found it in a labyrinth)
 16978 | Lair:4   | Learned a level 1 spell: Animate Skeleton
 18036 | Lair:5   | Received a gift from Sif Muna
 18051 | Lair:5   | Identified Blibbiv's Incunabulum of Air (Sif Muna gifted it to you on level 5 of the Lair of Beasts)
 18062 | Lair:5   | Learned a level 2 spell: Repel Missiles
 18259 | Lair:5   | Noticed a death yak
 18268 | Lair:5   | Reached XP level 12. HP: 67/67 MP: 23/32
 18268 | Lair:5   | Killed a death yak
 18294 | Lair:5   | Noticed a death yak
 18301 | Lair:5   | Noticed a death yak
 18302 | Lair:5   | Killed a death yak
 18312 | Lair:5   | Killed a death yak
 18312 | Lair:5   | Reached skill level 10 in Spellcasting
 18339 | Lair:5   | Noticed a death yak
 18347 | Lair:5   | Killed a death yak
 18369 | Lair:5   | Learned a level 2 spell: Swiftness
 18445 | Lair:5   | Noticed a death yak
 18446 | Lair:5   | Noticed a death yak
 18447 | Lair:5   | Noticed a death yak
 18458 | Lair:5   | Noticed a death yak
 18459 | Lair:5   | Noticed a death yak
 18461 | Lair:5   | Killed a death yak
 18463 | Lair:5   | Killed a death yak
 18464 | Lair:5   | Killed a death yak
 18467 | Lair:5   | Killed a death yak
 18467 | Lair:5   | Killed a death yak
 18493 | Lair:5   | Noticed Nergalle
 18504 | Lair:5   | Killed Nergalle
 18642 | Lair:5   | Noticed a catoblepas
 18657 | Lair:5   | Killed a catoblepas
 18690 | Lair:5   | Noticed a death yak
 18700 | Lair:5   | Killed a death yak
 19771 | Lair:6   | Found a staircase to the Slime Pits.
 19772 | Lair:6   | Found a viscous altar of Jiyva.
 20321 | Lair:6   | Got a slimy robe
 20332 | Lair:6   | Identified the +4 robe of Love and Death {Str-3 Dex+3} (You found it on level 6 of the Lair of Beasts)
 20744 | Lair:7   | Got an ancient ring mail
 20755 | Lair:7   | Identified the +4 ring mail of Dawn {rPois rN+ SInv Stlth--} (You found it on level 7 of the Lair of Beasts)
 20915 | Lair:7   | Reached XP level 13. HP: 72/72 MP: 21/36
 21224 | Lair:8   | Entered Level 8 of the Lair of Beasts
 21361 | Lair:8   | Received a gift from Sif Muna
 21461 | Lair:8   | Reached skill level 1 in Charms
 22355 | Lair:8   | Reached skill level 14 in Summonings
 22368 | Lair:8   | Noticed a dire elephant
 22380 | Lair:8   | Killed a dire elephant
 22417 | Lair:8   | Noticed a dire elephant
 22431 | Lair:8   | Killed a dire elephant
 22436 | Lair:8   | Noticed a dire elephant
 22464 | Lair:8   | Killed a dire elephant
 22486 | Lair:8   | Noticed a dire elephant
 22502 | Lair:8   | Killed a dire elephant
 23204 | Lair:8   | Reached skill level 5 in Charms
 23450 | Lair:8   | Noticed a dire elephant
 23450 | Lair:8   | Noticed a dire elephant
 23458 | Lair:8   | Killed a dire elephant
 23462 | Lair:8   | Killed a dire elephant
 23532 | Lair:8   | Got a jewelled cloak
 23543 | Lair:8   | Identified the cursed -4 cloak of the Orb Guardian {Str+2 Dex+3} (You found it on level 8 of the Lair of Beasts)
 23544 | Lair:8   | Got a fine golden ring
 23546 | Lair:8   | Identified the ring "Icso" {rC+ Str+1 Dex-2 Int+3} (You found it on level 8 of the Lair of Beasts)
 23919 | Orc:1    | Entered Level 1 of the Orcish Mines
 23960 | Orc:1    | Found Kloustrio's Book Shop.
 24001 | Orc:1    | Learned a level 6 spell: Haste
 25283 | Orc:3    | Noticed Snorg
 25289 | Orc:3    | Killed Snorg
 25302 | Orc:3    | Found a staircase to the Elven Halls.
 25484 | Orc:3    | Found an iron altar of Okawaru.
 25617 | Orc:3    | Your ally Snorg died
 25760 | Orc:4    | Entered Level 4 of the Orcish Mines
 25832 | Orc:4    | Found a bloodstained altar of Trog.
 26142 | Orc:4    | Noticed Joseph
 26154 | Orc:4    | Killed Joseph
 26909 | Orc:4    | Your ally Joseph died
 26947 | Orc:4    | Reached skill level 10 in Charms
 26957 | Orc:4    | Found Shreprim's Weapon Shop.
 26957 | Orc:4    | Found Wasusai's Magic Scroll Shoppe.
 26971 | Orc:4    | Bought a scroll of vulnerability for 105 gold pieces
 27026 | Orc:4    | Reached skill level 1 in Necromancy
 27043 | Orc:4    | Found a roughly hewn altar of Beogh.
 27348 | Orc:4    | Found Smuylergh's Book Shop.
 27348 | Orc:4    | Found Smuryiku's General Store.
 27757 | D:4      | Killed magipi's ghost
 28029 | D:7      | Reached skill level 5 in Staves
 28050 | D:7      | Found a burning altar of Makhleb.
 28298 | D:7      | Killed Eustachio
 28335 | D:8      | Noticed Pikel
 28368 | D:8      | Killed Pikel
 28495 | D:8      | Killed Maurice
 28582 | D:8      | Your ally Maurice died
 29100 | D:9      | Killed Alarkh's ghost
 29488 | D:12     | Received a gift from Sif Muna
 29536 | D:12     | Noticed a manticore
 29545 | D:12     | Killed a manticore
 29680 | D:12     | Noticed an unseen horror
 29722 | D:12     | Killed an unseen horror
 29722 | D:12     | Reached XP level 14. HP: 40/76 MP: 28/37
 30670 | D:13     | Reached XP level 15. HP: 79/86 MP: 38/38
 31467 | D:13     | Reached skill level 5 in Necromancy
 32278 | D:14     | Found a gate to the Vaults.
 32813 | D:15     | Entered Level 15 of the Dungeon
 33294 | D:15     | Found a staircase to the Depths.
 33873 | Spider:1 | Entered Level 1 of the Spider Nest
 36635 | Spider:3 | Noticed Norris
 37032 | Spider:2 | Learned a level 3 spell: Flight
 37452 | Spider:3 | Reached skill level 10 in Dodging
 37669 | Spider:3 | Noticed Arachne
 37695 | Spider:3 | Killed Arachne
 37867 | Spider:3 | Paralysed by Norris for 3 turns
 37932 | Spider:3 | Killed Norris
 37932 | Spider:3 | Reached skill level 10 in Necromancy
 38497 | Spider:4 | Noticed Aizul
 38507 | Spider:4 | Killed Aizul
 38741 | Spider:4 | Noticed Asterion
 38743 | Spider:4 | Noticed a spectral weapon
 38761 | Spider:4 | Killed Asterion
 38943 | Spider:4 | Reached XP level 16. HP: 92/92 MP: 27/38
 39115 | Spider:5 | Entered Level 5 of the Spider Nest
 39173 | Spider:5 | Received a gift from Sif Muna
 39800 | Spider:5 | Noticed Wiglaf
 39865 | Spider:5 | Killed Wiglaf
 40271 | Spider:5 | Reached skill level 1 in Invocations
 40616 | Spider:5 | Your ally Wiglaf died
 41078 | Spider:5 | Noticed Frances
 41084 | Spider:5 | Killed Frances
 41278 | Spider:5 | Reached skill level 5 in Invocations
 41669 | Spider:5 | Got a gossamer rune of Zot
 41938 | Shoals:1 | Entered Level 1 of the Shoals
 42260 | Shoals:1 | Noticed Josephine
 42267 | Shoals:1 | Killed Josephine
 42917 | Shoals:3 | Found Woz Nahuyf's Book Emporium.
 43137 | Shoals:3 | Noticed Louise
 43166 | Shoals:3 | Killed Louise
 44047 | Shoals:4 | Found Kuwiunul's Armour Emporium.
 44415 | Shoals:4 | Reached skill level 10 in Staves
 44667 | Shoals:5 | Entered Level 5 of the Shoals
 44914 | Shoals:5 | Identified a +3 rod of destruction (14/14) (You found it on level 5 of the Shoals)
 45231 | Shoals:5 | Noticed Ilsuiw
 45343 | Shoals:4 | HP: 4/92 [snapping turtle (25)]
 45666 | Shoals:5 | Reached XP level 17. HP: 46/96 MP: 32/39
 47590 | Shoals:5 | Identified Schariar's Catalogue of Gliding Good Luck (You found it on level 5 of the Shoals)
 47633 | Shoals:5 | Got a barnacled rune of Zot
 47811 | Shoals:1 | Your ally Josephine died
 48059 | Shoals:5 | Got a crude lead ring
 48065 | Shoals:5 | Identified the ring of Jupoxt {rPois MR+ Str+1} (You took it off a merfolk on level 5 of the Shoals)
 48267 | D:10     | Learned a level 3 spell: Recall
 49117 | Vaults:1 | Entered Level 1 of the Vaults
 52245 | Vaults:2 | Noticed Saint Roka
 52270 | Vaults:2 | Killed Saint Roka
 52571 | Vaults:2 | Your ally Saint Roka died
 53378 | Vaults:2 | Identified a scroll of acquirement
 53471 | Vaults:2 | Noticed Xtahua
 53486 | Vaults:2 | Killed Xtahua
 53539 | Vaults:2 | Reached skill level 10 in Fighting
 53913 | Vaults:2 | Noticed Mara
 53933 | Vaults:2 | Reached XP level 18. HP: 107/107 MP: 28/40
 53957 | Vaults:2 | Found a staircase to the Crypt.
 55275 | Vaults:3 | Reached skill level 15 in Summonings
 56599 | Lair:8   | Learned a level 5 spell: Summon Mana Viper
 58284 | Vaults:4 | Reached skill level 5 in Stealth
 58442 | Vaults:4 | Found a deep blue altar of Sif Muna.
 58560 | Vaults:4 | Reached skill level 16 in Summonings
 59641 | Vaults:4 | Received a gift from Sif Muna
 59648 | Vaults:4 | Identified Sif Muna's Volume of Translocation and Slavery (Sif Muna gifted it to you on level 4 of the Vaults)
 60769 | D:14     | Reached skill level 1 in Armour
 60859 | Depths:1 | Entered Level 1 of the Depths
 60940 | Depths:1 | Reached skill level 17 in Summonings
 61958 | Depths:1 | Noticed Sojobo
 62871 | Depths:1 | Found a one-way gate leading to the halls of Pandemonium.
 63208 | Depths:1 | Reached XP level 19. HP: 95/112 MP: 24/40
 63286 | Depths:1 | Found a gateway to Hell.
 63356 | Depths:1 | Reached skill level 18 in Summonings
 63630 | Depths:1 | Found a gateway to a ziggurat.
 63712 | Depths:1 | Found a corrupted altar of Lugonu.
 63712 | Depths:1 | Found a one-way gate to the infinite horrors of the Abyss.
 63752 | Depths:1 | Received a gift from Sif Muna
 63755 | Depths:1 | Identified Phoomaip's Papyrus of Boosts and Weightlessness (Sif Muna gifted it to you on level 1 of the Depths)
 64345 | Depths:2 | Noticed a golden dragon
 65103 | Depths:1 | Killed Sojobo
 65331 | Depths:1 | Reached skill level 5 in Armour
 65441 | Depths:2 | Killed a golden dragon
 66716 | Depths:3 | Reached skill level 19 in Summonings
 66774 | Depths:3 | Noticed a Brimstone Fiend
 67822 | Depths:3 | Noticed a golden dragon
 67824 | Depths:3 | Killed a golden dragon
 68896 | Depths:4 | Received a gift from Sif Muna
 68896 | Depths:4 | Reached XP level 20. HP: 96/117 MP: 9/41
 68923 | Depths:4 | Identified Sif Muna's Grimoire of Doomed Companions (Sif Muna gifted it to you on level 4 of the Depths)
 68935 | Depths:4 | Learned a level 7 spell: Haunt
 69402 | Depths:4 | Noticed a golden dragon
 69415 | Depths:4 | Killed a golden dragon
 69678 | Depths:4 | Noticed Margery
 69686 | Depths:4 | Killed Margery
 69686 | Depths:4 | Reached skill level 20 in Summonings
 70272 | Depths:4 | Noticed Frederick
 70335 | Depths:4 | Learned a level 1 spell: Summon Butterflies
 70451 | Depths:4 | Killed Frederick
 70847 | Depths:4 | Your ally Frederick died
 70968 | Depths:4 | Gained mutation: You can spit poison. [potion of beneficial mutation]
 71706 | Elf:1    | Entered Level 1 of the Elven Halls
 72004 | Elf:1    | Found Gampeux's Armour Emporium.
 72827 | Elf:2    | Found a radiant altar of Vehumet.
 73619 | Elf:2    | Identified the Handbook of Black Rites
 74172 | Elf:3    | Entered Level 3 of the Elven Halls
 74775 | Shoals:3 | Bought a book of the Dragon for 1260 gold pieces
 74793 | Shoals:3 | Learned a level 9 spell: Dragon's Call
 75193 | Elf:3    | Reached skill level 21 in Summonings
 75306 | Elf:3    | Noticed Nikola
 75322 | Elf:3    | Killed Nikola
 75328 | Elf:3    | Noticed Fannar
 75340 | Elf:3    | Killed Fannar
 75585 | Elf:3    | Noticed Rupert
 75593 | Elf:3    | Your ally Nikola died
 75601 | Elf:3    | Your ally Fannar died
 75729 | Elf:3    | Killed Rupert
 75905 | Elf:3    | Received a gift from Sif Muna
 76090 | Elf:3    | Your ally Rupert died
 76742 | Elf:3    | Identified the Disquisition on Quantum Shape Shifting
 76812 | Elf:3    | Identified Cengutut's Collected Works on Toxins and Battle Magic
 76895 | Elf:3    | Identified Pne Qom's Catalogue of Conjuration
 77423 | Crypt:1  | Entered Level 1 of the Crypt
 78352 | Crypt:1  | Reached skill level 10 in Invocations
 79148 | Crypt:2  | Reached XP level 21. HP: 122/122 MP: 40/41
 79287 | Crypt:2  | Noticed Boris
 80387 | Crypt:2  | Gained mutation: You have sharp toenails. [potion of beneficial mutation]
 81662 | Crypt:3  | Entered Level 3 of the Crypt
 82295 | Crypt:3  | Reached skill level 22 in Summonings
 82442 | Crypt:3  | Found a staircase to the Tomb.
 82921 | Crypt:3  | Found an ancient bone altar of Kikubaaqudgha.
 83247 | Crypt:3  | Got a slimy lapis lazuli ring
 83330 | Crypt:3  | Noticed an ancient lich
 83707 | Crypt:3  | Identified the ring "Fyproq" {rC+ Str-3 Int-4} (You took it off a vampire mage on level 3 of the Crypt)
 84752 | Orc:4    | Bought a book of Battle for 680 gold pieces
 84758 | Orc:4    | Learned a level 3 spell: Regeneration
 85191 | Crypt:3  | Slain by a quicksilver dragon simulacrum

Action                   |  1- 3 |  4- 6 |  7- 9 | 10-12 | 13-15 | 16-18 | 19-21 || total
-------------------------+-------+-------+-------+-------+-------+-------+-------++-------
Melee: Hand axe          |    15 |   145 |    28 |       |       |       |       ||   188
       Whip              |    38 |       |   114 |   320 |   393 |   131 |       ||   996
       Unarmed           |     1 |       |       |       |       |    25 |       ||    26
       Dagger            |    12 |       |       |       |       |       |       ||    12
       Quarterstaff      |       |       |       |       |   226 |   793 |   413 ||  1432
       Demon whip        |       |       |       |       |       |       |   468 ||   468
 Cast: Summon Small Mamm |    51 |    22 |    16 |     1 |       |       |       ||    90
       Call Canine Famil |     7 |    25 |    33 |    21 |     5 |     2 |       ||    93
       Summon Ice Beast  |       |     3 |    62 |    84 |    17 |    23 |       ||   189
       Summon Guardian G |       |       |    10 |     9 |    11 |     9 |    15 ||    54
       Monstrous Menager |       |       |       |    95 |   252 |   419 |   448 ||  1214
       Animate Skeleton  |       |       |       |    67 |   150 |   169 |   119 ||   505
       Repel Missiles    |       |       |       |     1 |     2 |     6 |     8 ||    17
       Apportation       |       |       |       |     1 |       |     2 |     6 ||     9
       Summon Lightning  |       |       |       |       |    43 |    64 |    54 ||   161
       Flight            |       |       |       |       |     2 |     7 |     2 ||    11
       Haste             |       |       |       |       |     1 |     4 |    15 ||    20
       Blink             |       |       |       |       |       |     1 |       ||     1
       Summon Mana Viper |       |       |       |       |       |     5 |     3 ||     8
       Dragon's Call     |       |       |       |       |       |       |     4 ||     4
       Regeneration      |       |       |       |       |       |       |     1 ||     1
Invok: Channel Energy    |       |       |       |       |       |    33 |   262 ||   295
       Forget Spell      |       |       |       |       |       |     3 |     1 ||     4
Evoke: Wand              |       |       |     2 |     9 |    16 |    19 |     9 ||    55
  Use: Scroll            |       |     5 |     5 |    27 |    14 |    19 |    16 ||    86
       Potion            |       |       |     1 |     4 |     4 |    15 |     7 ||    31
 Stab: Sleeping          |     5 |     5 |     3 |     8 |     7 |     3 |     5 ||    36
       Distracted        |     1 |     2 |     3 |       |    15 |    34 |    24 ||    79
       Paralysed         |       |       |       |       |     5 |     3 |    15 ||    23
       Invisible         |       |       |       |       |       |     8 |       ||     8
       Confused          |       |       |       |       |       |       |     3 ||     3
  Eat: Chunk             |     6 |    11 |    20 |    60 |    73 |    81 |    65 ||   316
       Pizza             |       |       |     1 |     1 |     5 |     3 |     1 ||    11
       Beef jerky        |       |       |       |     3 |     1 |     2 |     6 ||    12
       Fruit             |       |       |       |     1 |     2 |    12 |    14 ||    29
       Royal jelly       |       |       |       |       |    10 |     4 |     1 ||    15
       Bread ration      |       |       |       |       |     1 |     7 |    14 ||    22
       Meat ration       |       |       |       |       |     1 |     5 |    11 ||    17

Action                   |  1- 3 |  4- 6 |  7- 9 | 10-12 | 13-15 | 16-18 | 19-21 || total
-------------------------+-------+-------+-------+-------+-------+-------+-------++-------
Melee: Hand axe          |    15 |   145 |    28 |       |       |       |       ||   188
       Whip              |    38 |       |   114 |   320 |   393 |   131 |       ||   996
       Unarmed           |     1 |       |       |       |       |    25 |       ||    26
       Dagger            |    12 |       |       |       |       |       |       ||    12
       Quarterstaff      |       |       |       |       |   226 |   793 |   413 ||  1432
       Demon whip        |       |       |       |       |       |       |   468 ||   468
 Cast: Summon Small Mamm |    51 |    22 |    16 |     1 |       |       |       ||    90
       Call Canine Famil |     7 |    25 |    33 |    21 |     5 |     2 |       ||    93
       Summon Ice Beast  |       |     3 |    62 |    84 |    17 |    23 |       ||   189
       Summon Guardian G |       |       |    10 |     9 |    11 |     9 |    15 ||    54
       Monstrous Menager |       |       |       |    95 |   252 |   419 |   448 ||  1214
       Animate Skeleton  |       |       |       |    67 |   150 |   169 |   119 ||   505
       Repel Missiles    |       |       |       |     1 |     2 |     6 |     8 ||    17
       Apportation       |       |       |       |     1 |       |     2 |     6 ||     9
       Summon Lightning  |       |       |       |       |    43 |    64 |    54 ||   161
       Flight            |       |       |       |       |     2 |     7 |     2 ||    11
       Haste             |       |       |       |       |     1 |     4 |    15 ||    20
       Blink             |       |       |       |       |       |     1 |       ||     1
       Summon Mana Viper |       |       |       |       |       |     5 |     3 ||     8
       Dragon's Call     |       |       |       |       |       |       |     4 ||     4
       Regeneration      |       |       |       |       |       |       |     1 ||     1
Invok: Channel Energy    |       |       |       |       |       |    33 |   262 ||   295
       Forget Spell      |       |       |       |       |       |     3 |     1 ||     4
Evoke: Wand              |       |       |     2 |     9 |    16 |    19 |     9 ||    55
  Use: Scroll            |       |     5 |     5 |    27 |    14 |    19 |    16 ||    86
       Potion            |       |       |     1 |     4 |     4 |    15 |     7 ||    31
 Stab: Sleeping          |     5 |     5 |     3 |     8 |     7 |     3 |     5 ||    36
       Distracted        |     1 |     2 |     3 |       |    15 |    34 |    24 ||    79
       Paralysed         |       |       |       |       |     5 |     3 |    15 ||    23
       Invisible         |       |       |       |       |       |     8 |       ||     8
       Confused          |       |       |       |       |       |       |     3 ||     3
  Eat: Chunk             |     6 |    11 |    20 |    60 |    73 |    81 |    65 ||   316
       Pizza             |       |       |     1 |     1 |     5 |     3 |     1 ||    11
       Beef jerky        |       |       |       |     3 |     1 |     2 |     6 ||    12
       Fruit             |       |       |       |     1 |     2 |    12 |    14 ||    29
       Royal jelly       |       |       |       |       |    10 |     4 |     1 ||    15
       Bread ration      |       |       |       |       |     1 |     7 |    14 ||    22
       Meat ration       |       |       |       |       |     1 |     5 |    11 ||    17

Action                   |  1- 3 |  4- 6 |  7- 9 | 10-12 | 13-15 | 16-18 | 19-21 || total
-------------------------+-------+-------+-------+-------+-------+-------+-------++-------
Melee: Hand axe          |    15 |   145 |    28 |       |       |       |       ||   188
       Whip              |    38 |       |   114 |   320 |   393 |   131 |       ||   996
       Unarmed           |     1 |       |       |       |       |    25 |       ||    26
       Dagger            |    12 |       |       |       |       |       |       ||    12
       Quarterstaff      |       |       |       |       |   226 |   793 |   413 ||  1432
       Demon whip        |       |       |       |       |       |       |   468 ||   468
 Cast: Summon Small Mamm |    51 |    22 |    16 |     1 |       |       |       ||    90
       Call Canine Famil |     7 |    25 |    33 |    21 |     5 |     2 |       ||    93
       Summon Ice Beast  |       |     3 |    62 |    84 |    17 |    23 |       ||   189
       Summon Guardian G |       |       |    10 |     9 |    11 |     9 |    15 ||    54
       Monstrous Menager |       |       |       |    95 |   252 |   419 |   448 ||  1214
       Animate Skeleton  |       |       |       |    67 |   150 |   169 |   119 ||   505
       Repel Missiles    |       |       |       |     1 |     2 |     6 |     8 ||    17
       Apportation       |       |       |       |     1 |       |     2 |     6 ||     9
       Summon Lightning  |       |       |       |       |    43 |    64 |    54 ||   161
       Flight            |       |       |       |       |     2 |     7 |     2 ||    11
       Haste             |       |       |       |       |     1 |     4 |    15 ||    20
       Blink             |       |       |       |       |       |     1 |       ||     1
       Summon Mana Viper |       |       |       |       |       |     5 |     3 ||     8
       Dragon's Call     |       |       |       |       |       |       |     4 ||     4
       Regeneration      |       |       |       |       |       |       |     1 ||     1
Invok: Channel Energy    |       |       |       |       |       |    33 |   262 ||   295
       Forget Spell      |       |       |       |       |       |     3 |     1 ||     4
Evoke: Wand              |       |       |     2 |     9 |    16 |    19 |     9 ||    55
  Use: Scroll            |       |     5 |     5 |    27 |    14 |    19 |    16 ||    86
       Potion            |       |       |     1 |     4 |     4 |    15 |     7 ||    31
 Stab: Sleeping          |     5 |     5 |     3 |     8 |     7 |     3 |     5 ||    36
       Distracted        |     1 |     2 |     3 |       |    15 |    34 |    24 ||    79
       Paralysed         |       |       |       |       |     5 |     3 |    15 ||    23
       Invisible         |       |       |       |       |       |     8 |       ||     8
       Confused          |       |       |       |       |       |       |     3 ||     3
  Eat: Chunk             |     6 |    11 |    20 |    60 |    73 |    81 |    65 ||   316
       Pizza             |       |       |     1 |     1 |     5 |     3 |     1 ||    11
       Beef jerky        |       |       |       |     3 |     1 |     2 |     6 ||    12
       Fruit             |       |       |       |     1 |     2 |    12 |    14 ||    29
       Royal jelly       |       |       |       |       |    10 |     4 |     1 ||    15
       Bread ration      |       |       |       |       |     1 |     7 |    14 ||    22
       Meat ration       |       |       |       |       |     1 |     5 |    11 ||    17
